 Dungeon Crawl Stone Soup version 0.25.1-2-g60ff931df9 (webtiles) character file.

Game seed: 12739996638962536684

10501 Fallenstar the Cleaver (level 11, -2/97 HPs)
             Began as a Minotaur Fighter on Sept 8, 2020.
             Was a High Priest of Okawaru.
             Slain by Snorg (14 damage)
             ... on level 10 of the Dungeon.
             The game lasted 00:34:42 (9447 turns).

Fallenstar the Cleaver (Minotaur Fighter)           Turns: 9447, Time: 00:34:42

Health: -2/97      AC: 17    Str: 31    XL:     11   Next: 37%
Magic:  10/10      EV: 10    Int: 10    God:    Okawaru [*****.]
Gold:   645        SH:  0    Dex:  9    Spells: 10/10 levels left

rFire    x . .     SeeInvis +   v - +5 battleaxe
rCold    x . .     Gourm    .   (shield currently unavailable)
rNeg     + + .     Faith    .   y - +5 scale mail of Wu Jian's Delight {rPois rF- rC- rN++}
rPois    +         Spirit   .   q - +0 hat {Int+3}
rElec    .         Reflect  .   c - +0 cloak
rCorr    .         Harm     .   o - +0 pair of gloves
MR       .....                  (no boots)
Stlth    ..........             (no amulet)
HPRegen  0.26/turn              i - ring of see invisible
MPRegen  0.12/turn              j - +6 ring of strength

@: very slightly contaminated, invisible
A: retaliatory headbutt, horns 2, clever 1, MP-powered wands
a: Heroism, Finesse, Renounce Religion


You were on level 10 of the Dungeon.
You worshipped Okawaru.
Okawaru was extremely pleased with you.
You were not hungry.

You visited 2 branches of the dungeon, and saw 11 of its levels.

You collected 645 gold pieces.

Inventory:

Hand Weapons
 a - a +1 war axe
 v - a +5 battleaxe (weapon)
 B - a +2 hand axe of flaming
Armour
 b - a +0 scale mail
 c - a +0 cloak (worn)
 o - a +0 pair of gloves (worn)
 q - a +0 hat of intelligence (worn)
 u - a +2 kite shield
 y - the +5 scale mail of Wu Jian's Delight (worn) {rPois rF- rC- rN++}
   (You found it on level 7 of the Dungeon)

   It makes you vulnerable to fire.
   It makes you vulnerable to cold.
   It protects you from poison.
   It greatly protects you from negative energy.
Jewellery
 i - a ring of see invisible (left hand)
 j - a +6 ring of strength (right hand)
 s - an uncursed ring of protection from magic
 z - an uncursed ring of protection from fire
Wands
 m - a wand of clouds (3)
 r - a wand of paralysis (21)
 x - a wand of random effects (18)
Scrolls
 h - 4 scrolls of teleportation
 t - 3 scrolls of immolation
 w - a scroll of identify
 D - a scroll of fog
Potions
 l - a potion of magic
 n - a potion of brilliance
Comestibles
 f - 17 rations
 g - 6 chunks of flesh


   Skills:
 + Level 9.1 Fighting
 * Level 14.7 Axes
 * Level 11.5 Armour
 - Level 0.6 Dodging
 + Level 10.1 Shields


You had 10 spell levels left.
You didn't know any spells.
Your spell library contained the following spells:

 Spells                   Type           Power        Failure   Level  Hunger
 Foxfire                  Conj/Fire      #...         54%         1    ##.....
 Freeze                   Ice            #...         54%         1    ##.....
 Blink                    Tloc           N/A          69%         2    ###....
 Shroud of Golubria       Chrm/Tloc      #.....       69%         2    ###....
 Confusing Touch          Hex            #.......     89%         3    ####...
 Conjure Flame            Conj/Fire      #.......     89%         3    ####...
 Frozen Ramparts          Ice            #.....       89%         3    ####...
 Gell's Gravitas          Tloc           #.........   89%         3    ####...
 Inner Flame              Hex/Fire       #.......     89%         3    ####...
 Lesser Beckoning         Tloc           #.........   89%         3    ####...
 Ozocubu's Armour         Chrm/Ice       #.......     89%         3    ####...
 Teleport Other           Tloc           #.......     89%         3    ####...
 Hailstorm                Conj/Ice       #.......     100%        4    #####..
 Passage of Golubria      Tloc           N/A          100%        4    #####..
 Petrify                  Tmut/Erth      #.......     100%        4    #####..
 Sticky Flame             Conj/Fire      #.......     100%        4    #####..
 Summon Ice Beast         Ice/Summ       #.......     100%        4    #####..
 Fireball                 Conj/Fire      #.........   100%        5    ######.
 Metabolic Englaciation   Hex/Ice        #.........   100%        5    ######.
 Yara's Violent Unravell  Hex/Tmut       #.........   100%        5    ######.


Dungeon Overview and Level Annotations

Branches:
Dungeon (10/15)            Temple (1/1) D:5            Lair (0/6) D:9
    Orc: D:9-12

Altars:
Ashenzari
Cheibriados
Dithmenos
Elyvilon
Fedhas
Gozag
Hepliaklqana
Kikubaaqudgha
Makhleb
Nemelex Xobeh
Okawaru
Qazlal
Ru
Sif Muna
Trog
Uskayaw
Vehumet
Wu Jian
Xom
Yredelemnul
Zin
The Shining One

Annotations:
D:10 Snorg


Innate Abilities, Weirdness & Mutations

You reflexively headbutt those who attack you in melee.
You have a pair of horns on your head.
Your mind is acute. (Int +2)
You expend magic power (3 MP) to strengthen your wands.


Message History

Snorg is almost dead.
Snorg barely misses you. You furiously retaliate!
You headbutt Snorg. Snorg claws you!
* * * LOW HITPOINT WARNING * * *
Snorg claws you but does no damage. Snorg bites you!
* * * LOW HITPOINT WARNING * * *
Snorg claws you!
* * * LOW HITPOINT WARNING * * *
Snorg claws you but does no damage.
Blink to where?
Press: ? - help, Dir - move target cursor You are very lightly contaminated with residual magic.
As you read the scroll of blinking, it crumbles to dust.
You hear a shout!
You fade into invisibility!
You feel better. Snorg closely misses you.
Snorg claws you but does no damage. x2
As you read the scroll of fear, it crumbles to dust.
You assume a fearsome visage.
Snorg bites you but does no damage. Snorg claws you!
You die...

...##..## ##...#.....#
........# #....#.....#
........# ##....#.....#
'####..####...#+#.....#
.................######
#########.#####..# #
#.........#..# #
#######.#.#..# .
..#.#.@# . #.#.#.T# ..
#.#....# #. #.###.#.#..#
.#
#.......#..###########
#.#.#####.#..........).#
#.........#............#
#####.#####............#
#.#.#.#.#.#......T.....#


You could see Snorg (berserk).

Vanquished Creatures
  A hydra (D:10)
  A centaur warrior (D:10)
  A sea snake (shapeshifter) (D:10)
  Pikel (D:6)
  An ugly thing (D:10)
  2 centaur skeletons (D:10)
  A hornet (D:10)
  5 hippogriffs
  A spriggan (D:8)
  6 yaks (D:10)
  A hungry ghost (D:10)
  A water moccasin (D:10)
  A black bear (D:8)
  3 orc warriors
  A phantom (D:4)
  2 ice beasts
  2 slaves (D:6)
  A hornet zombie (D:9)
  2 sky beasts
  3 ogres
  9 centaurs
  10 bullfrogs
  5 scorpions
  2 vampire bats (D:8)
  9 wights
  A howler monkey (D:4)
  5 crimson imps
  A bullfrog zombie (D:7)
  4 jellies
  A quasit (D:6)
  3 hounds
  2 orc priests
  3 iguanas
  3 orc wizards
  13 worker ants
  2 killer bee zombies
  A hound zombie (D:5)
  A worker ant zombie (D:10)
  12 gnolls
  15 adders
  A hound simulacrum (D:10)
  5 shadow imps
  2 adder zombies (D:6)
  2 worms
  A dart slug (D:1)
  2 leopard geckos (D:6)
  26 orcs
  6 bats
  2 bat skeletons (D:8)
  2 bat zombies (D:8)
  4 giant cockroaches
  9 hobgoblins
  7 jackals
  4 kobolds
  6 quokkas
  5 frilled lizards
  4 goblins
  A jackal zombie (D:2)
  9 rats
237 creatures vanquished.

Notes
Turn   | Place    | Note
-------+----------+-------------------------------------------
     0 | D:1      | Fallenstar the Minotaur Fighter began the quest for the
                  | Orb.
     0 | D:1      | Reached XP level 1. HP: 19/19 MP: 0/0
   116 | D:1      | Reached XP level 2. HP: 17/27 MP: 1/1
   842 | D:2      | Reached XP level 3. HP: 33/33 MP: 2/2
   896 | D:2      | Reached skill level 3 in Axes
  1301 | D:2      | Reached XP level 4. HP: 32/40 MP: 3/3
  1383 | D:2      | Found a shimmering altar of Xom.
  1598 | D:2      | Found a faded altar of an unknown god.
  1655 | D:3      | Reached skill level 4 in Axes
  2001 | D:3      | Found an opulent altar of Gozag.
  2031 | D:3      | Reached XP level 5. HP: 27/46 MP: 4/4
  2270 | D:3      | Found a shattered altar of Ashenzari.
  2724 | D:4      | Reached skill level 5 in Armour
  2730 | D:4      | Reached skill level 9 in Axes
  2730 | D:4      | Reached XP level 6. HP: 7/60 MP: 5/5
  3092 | D:4      | Reached XP level 7. HP: 32/66 MP: 6/6
  3365 | D:4      | Reached skill level 10 in Armour
  3681 | D:5      | Entered Level 5 of the Dungeon
  3689 | D:5      | Reached skill level 10 in Axes
  4013 | D:5      | Found a staircase to the Ecumenical Temple.
  4063 | Temple   | Entered the Ecumenical Temple
  4191 | Temple   | Became a worshipper of Warmaster Okawaru
  4263 | D:5      | Reached XP level 8. HP: 73/73 MP: 7/7
  4429 | D:5      | Found a shimmering altar of Xom.
  4752 | D:6      | Found a shadowy altar of Dithmenos.
  4777 | D:6      | Found a shimmering blue altar of Sif Muna.
  5009 | D:6      | Reached * piety under Okawaru
  5143 | D:6      | Noticed Pikel
  5165 | D:6      | Killed Pikel
  5165 | D:6      | Reached skill level 11 in Axes
  5165 | D:6      | Reached XP level 9. HP: 43/79 MP: 8/8
  5502 | D:6      | Found a glowing silver altar of Zin.
  5716 | D:6      | Reached ** piety under Okawaru
  5773 | D:6      | Found a sparkling altar of Nemelex Xobeh.
  6083 | D:7      | Got an ichor-stained scale mail
  6309 | D:7      | Reached skill level 12 in Axes
  6510 | D:7      | Reached *** piety under Okawaru
  6938 | D:8      | Identified the +5 scale mail of Wu Jian's Delight {rPois
                  | rF- rC- rN++} (You found it on level 7 of the Dungeon)
  6953 | D:8      | Found a basalt altar of Yredelemnul.
  7050 | D:8      | Reached XP level 10. HP: 88/88 MP: 9/9
  7364 | D:8      | Found a blossoming altar of Fedhas.
  7501 | D:8      | Reached skill level 13 in Axes
  7530 | D:8      | Found a sparkling altar of Nemelex Xobeh.
  7642 | D:8      | Found an ancient bone altar of Kikubaaqudgha.
  7770 | D:8      | Gained mutation: You are robust. (+10% HP) [potion of
                  | mutation]
  7770 | D:8      | Gained mutation: You expend magic power (3 MP) to
                  | strengthen your wands. [potion of mutation]
  7770 | D:8      | Lost mutation: You are robust. (+10% HP) [potion of
                  | mutation]
  7770 | D:8      | Gained mutation: Your mind is acute. (Int +2) [potion of
                  | mutation]
  7833 | D:9      | Found a stormy altar of Qazlal.
  8022 | D:9      | Reached **** piety under Okawaru
  8173 | D:9      | Found a burning altar of Makhleb.
  8174 | D:9      | Found a radiant altar of Vehumet.
  8236 | D:9      | Found a staircase to the Lair.
  8615 | D:10     | Entered Level 10 of the Dungeon
  8833 | D:10     | Noticed an eight-headed hydra
  8857 | D:10     | Reached ***** piety under Okawaru
  8942 | D:10     | Reached XP level 11. HP: 74/95 MP: 10/10
  8958 | D:10     | Noticed a centaur warrior
  8965 | D:10     | Killed a centaur warrior
  8965 | D:10     | Reached skill level 14 in Axes
  9078 | D:10     | Noticed a sea snake
  9085 | D:10     | Killed a one-headed hydra
  9085 | D:10     | Received a gift from Okawaru
  9099 | D:10     | Killed a sea snake
  9253 | D:10     | Noticed a red ugly thing
  9262 | D:10     | Reached skill level 10 in Shields
  9277 | D:10     | Killed a red ugly thing
  9425 | D:10     | Noticed Snorg
  9437 | D:10     | HP: 3/97 [Snorg (12)]
  9447 | D:10     | Slain by Snorg

Illustrated notes

Levels and vault maps discovered:
D:1:      nzn_arrival_crosshair, layout_loops_cross
D:2:      layout_rooms, first_ration, chequers_ecumenical_altar_simple, tgw_xom
D:3:      layout_basic, cheibrodos_ashenzari_chains, lemuel_round_altar,
          st_stairs_7
D:4:      layout_rooms
D:5:      layout_basic, minmay_temple_entry_glassed_door, basic_altar,
          st_stairs_3
D:6:      layout_basic, kennysheep_little_box, led_sif_book, lemuel_round_altar,
          basic_altar, uniq_pikel
D:7:      minmay_razor_zed, layout_basic
D:8:      layout_gridville, nemelex_xobeh_ov_fountains_minmay,
          kennysheep_vampire_church, kennysheep_mini_moat, old_standard_altar,
          the_bakery
D:9:      layout_gridville, grunt_temple_overflow_lords_of_destruction,
          nicolae_qazlal_style_of_elements, lair_entry_dummy
D:10:     minmay_the_grid_3x2 [minmay_the_grid_tiny_cups,
          minmay_the_grid_pillar_ring, minmay_the_grid_minigrid_small,
          minmay_the_grid_holed_spiral, minmay_the_grid_slots,
          minmay_the_grid_prize_trominoes], layout_gridville, serial_shops,
          nicolae_shop_window_shopping, minmay_misc_feat_tiny, uniq_snorg
Temple:   compressed_dpeg_circular_temple

Skill      XL: |  1  2  3  4  5  6  7  8  9 10 11 |
---------------+----------------------------------+-----
Armour         | 4 9 10 11 | 11.5
Shields        | 4 7 8 9 10 | 10.1
Axes           | 3 4 9 10 11 12 13 14 | 14.7
Fighting       | 4 7 8 9 |  9.1
Dodging        | |  0.6

Action                   |  1- 3 |  4- 6 |  7- 9 | 10-12 || total
-------------------------+-------+-------+-------+-------++-------
Melee: War axe           |    99 |    93 |   314 |   184 ||   690
       Headbutt          |     6 |    12 |    58 |    58 ||   134
       Hand axe          |       |       |       |    47 ||    47
       Battleaxe         |       |       |       |    11 ||    11
  Use: Potion            |     2 |     7 |       |    11 ||    20
       Scroll            |       |       |    17 |     6 ||    23
  Eat: Chunk             |     1 |     4 |     7 |     6 ||    18
       Ration            |       |     1 |     2 |     1 ||     4
Armor: Scale mail        |    43 |    33 |    87 |   106 ||   269
       Skin              |       |     2 |       |       ||     2
Dodge: Dodged            |    33 |    38 |    77 |    67 ||   215
Block: Kite shield       |    47 |    42 |   213 |   158 ||   460
